Map: Neon Violet Square LE

Players

Probe

  • Race: Protoss Protoss
  • Spawn Location: 5:00

PtitDrogo - Winner!

  • Race: Protoss Protoss
  • Spawn Location: 11:00

Event: IEM Season 12 - Katowice

VOD

Have the link to the VOD?

Description

Time

  • Played on: Feb. 26, 2018, 6:50 a.m.
  • Length: 10:53

All games in this series

Show
View Real Time Build Order
Export as new Build Order

Probe Protoss 

Build Orders:  

Get SALT Encoding   

  12  0:00  Probe  
  13  0:12  Probe  
  14  0:18  Pylon  
  14  0:25  Probe  
  15  0:37  Probe (Chrono Boost), Gateway  
  16  0:47  Probe (Chrono Boost)  
  16  0:49  Assimilator  
  17  0:54  Assimilator  
  17  0:55  Probe (Chrono Boost)  
  18  1:07  Probe (Chrono Boost)  
  18  1:10  Gateway  
  19  1:15  Probe (Chrono Boost)  
  20  1:21  Probe  
  21  1:26  Cybernetics Core  
  21  1:33  Probe  
  21  1:39  Pylon  
  22  1:45  Probe  
  23  1:57  Probe  
  24  2:02  Stalker x2  
  24  2:04  Warp Gate  
  28  2:23  Pylon  
  28  2:32  Stalker  
  30  2:40  Stalker  
  32  2:55  Nexus  
  32  3:15  Pylon  
  32  3:20  Sentry  
  32  3:22  Robotics Facility, Sentry  
  36  3:27  Pylon  
  36  3:37  Probe, Shield Battery  
  30  3:49  Probe (Chrono Boost)  
  30  4:01  Probe (Chrono Boost)  
  31  4:04  Twilight Council  
  33  4:10  Probe x2 (Chrono Boost)  
  33  4:11  Observer  
  36  4:18  Probe x2 (Chrono Boost)  
  36  4:26  Probe (Chrono Boost)  
  36  4:27  Probe (Chrono Boost)  
  36  4:34  Probe  
  36  4:36  Blink (Chrono Boost)  
  38  4:38  Probe  
  38  4:46  Probe  
  38  4:56  Probe  
  38  4:59  Stalker  
  38  5:01  Probe  
  38  5:05  Observer  
  39  5:13  Probe (Chrono Boost)  
  41  5:14  Probe (Chrono Boost)  
  41  5:18  Stalker  
  43  5:24  Probe (Chrono Boost)  
  43  5:26  Probe (Chrono Boost)  
  45  5:29  Probe (Chrono Boost)  
  45  5:35  Probe  
  47  5:40  Probe  
  45  5:47  Probe  
  46  5:51  Stalker  
  46  5:52  Probe, Stalker  
  51  5:59  Probe  
  53  6:04  Probe  
  53  6:11  Probe  
  54  6:18  Pylon  
  54  6:19  Pylon  
  54  6:21  Probe  
  52  6:26  Probe  
  51  6:33  Probe  
  51  6:34  Stalker  
  51  6:38  Probe  
  51  6:39  Robotics Bay  
  55  6:41  Robotics Facility  
  55  6:47  Probe  
  55  6:51  Probe (Chrono Boost)  
  57  6:59  Probe (Chrono Boost), Assimilator  
  58  7:01  Assimilator  
  58  7:03  Probe (Chrono Boost), Sentry  
  61  7:09  Probe (Chrono Boost)  
  61  7:12  Probe (Chrono Boost)  
  63  7:15  Probe  
  63  7:16  Pylon  
  64  7:24  Probe  
  64  7:27  Disruptor (Chrono Boost)  
  64  7:28  Probe  
  68  7:35  Nexus  
  68  7:36  Probe  
  69  7:37  Disruptor (Chrono Boost)  
  69  7:43  Probe  
  73  7:48  Probe  
  73  7:49  Pylon  
  74  7:52  Pylon  
  74  7:55  Probe  
  75  7:59  Disruptor (Chrono Boost)  
  78  8:07  Gateway  
  78  8:10  Shield Battery  
  78  8:12  Shield Battery  
  78  8:17  Disruptor (Chrono Boost)  
  73  8:29  Stalker  
  75  8:40  Disruptor (Chrono Boost)  
  78  8:41  Shield Battery  
  78  8:44  Disruptor (Chrono Boost)  
  81  8:49  Gateway  
  81  9:03  Probe x2  
  81  9:04  Probe  
  84  9:10  Gateway x2  
  84  9:14  Stalker  
  84  9:15  Probe x2  
  84  9:16  Probe  
  92  9:19  Stalker  
  92  9:27  Probe  
  65  9:54  Stalker  
  65  9:55  Stalker x2  
  65  9:57  Disruptor  
  58  10:03  Pylon  
  58  10:04  Probe x2  
  58  10:06  Pylon  
  50  10:15  Disruptor  
  45  10:21  Stalker  
  45  10:22  Adept  
  45  10:24  Probe  
  42  10:47  Adept, Zealot  
Show
View Real Time Build Order
Export as new Build Order

PtitDrogo Protoss - Winner!

Build Orders: Oracle Opening, Archon Immortal 

Get SALT Encoding   

  12  0:00  Probe  
  13  0:12  Probe  
  14  0:17  Pylon  
  14  0:24  Probe (Chrono Boost)  
  15  0:37  Probe (Chrono Boost)  
  15  0:38  Gateway  
  16  0:44  Probe (Chrono Boost)  
  16  0:47  Assimilator  
  17  0:51  Probe (Chrono Boost)  
  17  0:55  Assimilator  
  18  1:03  Probe (Chrono Boost)  
  20  1:11  Probe (Chrono Boost)  
  20  1:13  Gateway  
  20  1:17  Probe  
  21  1:25  Cybernetics Core  
  21  1:29  Probe  
  22  1:36  Pylon  
  22  1:41  Probe  
  22  1:46  Pylon  
  24  1:54  Probe  
  24  2:05  Adept x2  
  28  2:15  Stargate  
  28  2:18  Warp Gate  
  28  2:32  Stalker  
  28  2:35  Stalker  
  32  2:50  Pylon  
  32  2:51  Probe  
  32  2:59  Oracle (Chrono Boost)  
  35  3:34  Oracle (Chrono Boost)  
  38  3:35  Nexus  
  36  3:50  Probe  
  36  3:55  Shield Battery  
  35  4:01  Robotics Facility  
  35  4:02  Probe  
  36  4:14  Probe  
  37  4:20  Stalker  
  37  4:22  Stalker  
  41  4:26  Probe (Chrono Boost)  
  42  4:38  Probe (Chrono Boost)  
  43  4:43  Probe (Chrono Boost)  
  43  4:44  Sentry  
  46  4:49  Sentry  
  48  4:52  Probe  
  49  5:01  Probe  
  49  5:02  Immortal (Chrono Boost)  
  49  5:05  Probe  
  55  5:10  Pylon  
  55  5:13  Probe  
  56  5:14  Adept x2  
  56  5:19  Probe  
  61  5:24  Pylon  
  61  5:25  Probe (Chrono Boost)  
  62  5:33  Forge  
  62  5:35  Observer  
  64  5:40  Probe (Chrono Boost)  
  64  5:42  Probe (Chrono Boost)  
  65  5:46  Probe (Chrono Boost), Assimilator x2  
  63  5:50  Probe  
  63  5:55  Immortal (Chrono Boost)  
  64  5:58  Probe  
  69  6:11  Protoss Ground Weapons Level 1 (Chrono Boost), Gateway  
  69  6:13  Gateway  
  69  6:20  Twilight Council  
  69  6:32  Pylon, Shield Battery  
  65  6:38  Immortal (Chrono Boost)  
  69  6:44  Pylon  
  69  6:51  Gateway  
  69  6:52  Gateway  
  69  6:56  Shield Battery  
  69  6:57  Shield Battery  
  69  6:59  Charge  
  69  7:07  Zealot  
  69  7:08  Zealot  
  73  7:11  Sentry x2  
  77  7:24  Warp Prism  
  79  7:33  Templar Archives  
  79  7:37  Gateway  
  79  7:38  Gateway  
  79  7:43  Photon Cannon  
  79  7:51  Probe x2  
  81  7:56  Zealot  
  83  7:59  Pylon  
  83  8:00  Observer  
  83  8:01  Zealot  
  83  8:03  Probe x2  
  88  8:25  Nexus  
  88  8:40  Pylon  
  88  8:43  High Templar x5  
  88  8:45  Zealot, High Templar  
  102  8:48  Archon  
  102  8:49  Archon x2  
  102  8:52  Pylon  
  102  8:57  Phoenix (Chrono Boost)  
  77  9:24  Zealot  
  77  9:25  Zealot x7  
  85  9:33  Probe  
  82  9:39  Phoenix  
  82  9:40  Immortal  
  82  9:47  Zealot x2  
  82  9:48  Zealot x4  
  72  10:04  Zealot x2  
  72  10:05  Oracle  
  79  10:12  Zealot x3  
  75  10:35  Zealot x6  
  71  10:36  Zealot  
  71  10:39  Probe  

Tags
 
Add a new tag
Caveats
  • Supply blocks, unpowered buildings, or Contaminate may cause inaccurate times.
  • Supply counts are checked every 10 seconds.